 Dungeon Crawl Stone Soup version 0.17-a0-877-ga10078a (webtiles) character file.

235 FedoraBrony69 the Conjurer (level 5, -13/28 HPs)
             Began as a Deep Elf Conjurer on Apr 30, 2015.
             Mangled by FedoraBrony69's ghost (14 damage)
             ... on level 4 of the Dungeon.
             The game lasted 00:06:20 (2818 turns).

FedoraBrony69 the Conjurer (Deep Elf Conjurer)      Turns: 2818, Time: 00:06:20

Health: -13/28     AC:  4    Str:  5    XL:     5   Next: 76%
Magic:  14/15      EV: 13    Int: 21    God:
Gold:   250        SH:  0    Dex: 15    Spells: 3 memorised, 6 levels left

rFire  . . .     SeeInvis .     i - +1 spear
rCold  + . .     Clarity  .     a - +0 robe
rNeg   + . .     SustAb   .     (no shield)
rPois  .         Gourm    .     (no helmet)
rElec  .         Spirit   .     q - +1 cloak
rCorr  .         Warding  +     (no gloves)
rMut   .         Stasis   .     (no boots)
MR     .....                    p - amulet of warding
Stlth  ++........               (no ring)
                                f - ring of protection from cold

@: not resistant to hostile enchantments, unstealthy
A: no striking features
a: no special abilities


You were on level 4 of the Dungeon.
You were hungry.

You visited 1 branch of the dungeon, and saw 4 of its levels.

You collected 250 gold pieces.

Inventory:

Hand weapons
 i - a +1 spear (weapon)
Armour
 a - a +0 robe (worn)
 q - a +1 cloak (worn)
Jewellery
 f - a ring of protection from cold (left hand)
 p - an amulet of warding (around neck)
Magical devices
 j - a wand of random effects (25)
 r - a wand of fireball (8)
Scrolls
 d - 2 scrolls of enchant weapon
 h - a scroll of fog {unknown}
 l - 3 scrolls of identify
 n - a scroll of fear {unknown}
Potions
 e - a potion of curing
 k - 2 potions of ambrosia {unknown}
 o - a potion of flight {unknown}
 s - a potion of might {unknown}
Books
 b - a book of Conjurations

   Spells                             Type                      Level
   a - Magic Dart                     Conjuration                  1
   b - Searing Ray                    Conjuration                  2
   c - Dazzling Spray                 Conjuration/Hexes            3
   d - Fulminant Prism                Conjuration/Hexes            4
   e - Iskenderun's Mystic Blast      Conjuration                  4
   f - Iskenderun's Battlesphere      Conjuration/Charms           5
Comestibles
 c - a bread ration
 g - 2 chunks of flesh
 m - a slice of pizza


   Skills:
 - Level 2.4 Dodging
 - Level 2.4 Stealth
 + Level 6.0 Spellcasting
 + Level 6.0 Conjurations
 * Level 2.2 Charms


You had 6 spell levels left.
You knew the following spells:

 Your Spells              Type           Power        Failure   Level  Hunger
a - Magic Dart            Conj           ####         1%          1    None
b - Iskenderun's Battles  Conj/Chrm      ###.....     54%         5    #####..
c - Iskenderun's Mystic   Conj           ####....     10%         4    ####...


Dungeon Overview and Level Annotations

Branches:
Dungeon (4/15)
 Temple: D:4-7

Altars:
Xom

Annotations:
D:4 FedoraBrony69's ghost, experienced TrMo


Message History

Casting: Magic Dart
Confirm with . or Enter, or press ? or * to list all spells.
You can't see any susceptible monsters within range! (Use Z to cast anyway.) Unknown command.
Casting: Magic Dart
Confirm with . or Enter, or press ? or * to list all spells.
You can't see any susceptible monsters within range! (Use Z to cast anyway.)
Casting: Magic Dart
Confirm with . or Enter, or press ? or * to list all spells.
You can't see any susceptible monsters within range! (Use Z to cast anyway.) FedoraBrony69's ghost (experienced Troll Monk) comes into view.
FedoraBrony69's ghost hits you!
You see here a giant cockroach corpse.
You butcher the giant cockroach corpse.
FedoraBrony69's ghost hits you!
Ouch! That really hurt!
* * * LOW HITPOINT WARNING * * *
You see here a chunk of flesh.
FedoraBrony69's ghost hits you!
Ouch! That really hurt!
You die...

#..............#
#.#)#.#.#.#....#
#.#.#.#.#.#....#
..#.#.#.#.#....#
..
#.#.#.#.#....#
#.#.#.#.#.#....#
..............#
#..........##
##.@W....###
###.....%###
#.........#
#......###..#
.....#### #....
..## #...# #
.... .# #


You could see FedoraBrony69's ghost.

Vanquished Creatures
  The ghost of dungeoneer7710 the Chiller, a weakling DsIE of Sif Muna (D:3)
  An orc priest (D:3)
  A worker ant (D:4)
  4 adders
  A gnoll (D:1)
  2 oozes (D:1)
  2 worms
  4 giant geckos
  3 orcs (D:3)
  6 bats
  A giant cockroach (D:4)
  10 goblins
  11 hobgoblins
  6 jackals
  A quokka (D:2)
  A ball python (D:2)
  3 giant newts
  8 kobolds
  6 rats
  A butterfly (D:4)
73 creatures vanquished.

Notes
Turn   | Place    | Note
--------------------------------------------------------------
     0 | D:1      | FedoraBrony69, the Deep Elf Conjurer, began the quest for the Orb.
     0 | D:1      | Reached XP level 1. HP: 10/10 MP: 6/6
   236 | D:1      | Reached XP level 2. HP: 15/15 MP: 3/8
   515 | D:1      | Reached skill level 5 in Conjurations
   515 | D:1      | Reached XP level 3. HP: 15/19 MP: 2/10
   653 | D:1      | You fall through a shaft!
  1085 | D:2      | Reached XP level 4. HP: 3/24 MP: 3/12
  1640 | D:3      | Reached skill level 5 in Spellcasting
  1655 | D:3      | HP: 1/24 [orc/hand axe (1)]
  1709 | D:3      | Noticed dungeoneer7710's ghost (weakling DsIE)
  1718 | D:3      | Killed dungeoneer7710's ghost
  1718 | D:3      | Reached XP level 5. HP: 4/28 MP: 2/15
  1726 | D:3      | Learned a level 5 spell: Iskenderun's Battlesphere
  1731 | D:3      | Learned a level 4 spell: Iskenderun's Mystic Blast
  2394 | D:3      | Reached skill level 6 in Conjurations
  2659 | D:4      | Reached skill level 1 in Charms
  2744 | D:4      | Found a shimmering altar of Xom.
  2814 | D:4      | Noticed FedoraBrony69's ghost (experienced TrMo)
  2815 | D:4      | HP: 1/28 [FedoraBrony69's ghost (14)]
  2818 | D:4      | Mangled by FedoraBrony69's ghost

Action                   |  1- 3 |  4- 6 || total
-------------------------+-------+-------++-------
Melee: Unarmed           |    11 |       ||    11
       Spear             |    25 |    12 ||    37
 Cast: Magic Dart        |    78 |    83 ||   161
  Use: Scroll            |       |     7 ||     7
  Eat: Chunk             |       |     5 ||     5
